 Dungeon Crawl Stone Soup version 0.24-a0-584-g9d6b971ae4 (webtiles) character file.

Game seed: 8213288100955400977, levelgen mode: deterministic

206 Peloso the Skirmisher (level 5, 0/48 HPs)
             Began as a Minotaur Fighter on Sept 3, 2019.
             Killed from afar by Sigmund (6 damage)
             ... with a magic dart
             ... on level 3 of the Dungeon.
             The game lasted 00:04:14 (2011 turns).

Peloso the Skirmisher (Minotaur Fighter)            Turns: 2011, Time: 00:04:15

Health: 0/48       AC:  7    Str: 20    XL:     5   Next: 53%
Magic:  4/4        EV:  8    Int:  5    God:
Gold:   103        SH:  9    Dex: 11    Spells: 4/4 levels left

rFire    . . .     SeeInvis .   a - +1 long sword
rCold    . . .     Gourm    .   c - +0 shield
rNeg     . . .     Faith    .   b - +0 scale mail
rPois    .         Spirit   .   (helmet restricted)
rElec    .         Reflect  .   (no cloak)
rCorr    .         Harm     .   (no gloves)
MR       .....                  (no boots)
Stlth    ..........             (no amulet)
HPRegen  0.16/turn              (no ring)
MPRegen  0.09/turn              (no ring)

@: no status effects
A: retaliatory headbutt, horns 2
a: no special abilities


You were on level 3 of the Dungeon.
You were hungry.

You visited 1 branch of the dungeon, and saw 3 of its levels.

You collected 103 gold pieces.

Inventory:

Hand Weapons
 a - a +1 long sword (weapon)
Armour
 b - a +0 scale mail (worn)
 c - a +0 shield (worn)
Scrolls
 g - a scroll of fog
 h - a scroll of enchant armour
 i - a scroll of amnesia
 o - a scroll of blinking
 p - a scroll of identify
Potions
 d - a potion of might
 e - 3 potions of curing {unknown}
 j - a potion of ambrosia {unknown}
 k - a potion of mutation
 l - a potion of berserk rage
 m - 2 potions of haste
 n - a potion of heal wounds
Comestibles
 f - 7 rations


   Skills:
 + Level 5.0 Fighting
 + Level 3.6 Long Blades
 + Level 4.9 Armour
 + Level 1.6 Dodging
 + Level 0.2 Stealth
 + Level 4.5 Shields


You had 4 spell levels left.
You didn't know any spells.
Your spell library was empty.

Dungeon Overview and Level Annotations

Branches:
Dungeon (3/15)

Altars:
Uskayaw

Annotations:
D:3 Sigmund


Innate Abilities, Weirdness & Mutations

You reflexively headbutt those who attack you in melee.
You have a pair of horns on your head.


Message History

You block Sigmund's attack.
You hit Sigmund but do no damage. You headbutt Sigmund.
Sigmund is severely wounded.
Sigmund closely misses you.
You riposte.
You barely miss Sigmund.
Sigmund is severely wounded.
You closely miss Sigmund.
Sigmund is severely wounded.
Sigmund mumbles some strange words.
Sigmund flickers and vanishes!
Deactivating autopickup; reactivate with Ctrl-A.
You barely miss something. Your headbutt misses something. Something hits you!
* * * LOW HITPOINT WARNING * * *
Your shield and scale mail prevent you from hitting something.
Something hits you!
* * * LOW HITPOINT WARNING * * *
You miss something.
You hear some strange, mumbled words.
A magic dart appears from out of thin air!
The magic dart hits you.
You die...

#.#.###.#.####..##.###.#.###.##.#
..#..........................##+#
..#####.#.#####)##.###.#.###.....
........#.# #..#...#.#.# #.....
)8.8.####.######.###.#.#.# #.....
........#.#............#.# #.)...
รท....##.#.#.####.##.####.#
#..)). ......#.#.#.#.....#.# #.#
#..... ......#.#.#.#)##@{#.# #.#
#..... ........#.#.#.#<#.#.# #.#
#..... ........#.#.#.#.#.#.# #.#
#..... ..........#.#...#.#.# #.#
###### .8.8..#.#.#.#####...# #.#
#. ........#.#.#.....###
#.#######. ###......##.#.##...#
#......##. #..+.....##.#.##.#.##
#......##. #..#.....##.#.##.#..#
#......##.


There were no monsters in sight!

Vanquished Creatures
  Natasha (twice) (D:2)
  A hound skeleton (D:3)
  2 gnolls
  3 adders (D:2)
  2 oozes
  2 worms (D:2)
  A dart slug (D:1)
  A leopard gecko (D:2)
  7 orcs (D:3)
  A ball python (D:1)
  8 bats
  2 giant cockroaches (D:3)
  6 goblins
  10 hobgoblins
  7 jackals
  5 kobolds
  2 quokkas (D:3)
  3 frilled lizards
  8 rats
73 creatures vanquished.

Notes
Turn   | Place    | Note
-------+----------+-------------------------------------------
     0 | D:1      | Peloso the Minotaur Fighter began the quest for the Orb.
     0 | D:1      | Reached XP level 1. HP: 19/19 MP: 0/0
   152 | D:1      | Reached XP level 2. HP: 20/27 MP: 1/1
   181 | D:1      | Reached skill level 4 in Fighting
   308 | D:1      | Reached XP level 3. HP: 33/33 MP: 2/2
   602 | D:2      | Reached skill level 1 in Dodging
   656 | D:2      | Reached XP level 4. HP: 27/40 MP: 3/3
   683 | D:2      | Noticed Natasha
   689 | D:2      | Killed Natasha
  1078 | D:2      | Noticed Natasha
  1082 | D:2      | Killed Natasha
  1268 | D:3      | Reached XP level 5. HP: 47/47 MP: 4/4
  1623 | D:3      | Found a hide-covered altar of Uskayaw.
  1692 | D:3      | Reached skill level 5 in Fighting
  1858 | D:3      | Noticed Sigmund
  2011 | D:3      | Killed from afar by Sigmund

Levels and vault maps discovered:
D:1:      minmay_arrival_hallway, layout_basic
D:2:      layout_basic, first_ration, chequers_garden, uniq_natasha
D:3:      layout_basic, old_standard_altar, eat_drink_and_be_merry_uskayaw,
          fedhas_altar_fruit_tree, uniq_sigmund

Skill      XL: |  1  2  3  4  5 |
---------------+----------------+-----
Shields        | 4 |  4.5
Armour         | 4 |  4.9
Fighting       | 4 5 |  5.0
Dodging        | 1 |  1.6
Long Blades    | 3 |  3.6
Stealth        | |  0.2

Action                   |  1- 3 |  4- 6 || total
-------------------------+-------+-------++-------
Melee: Long sword        |    70 |    99 ||   169
       Headbutt          |    11 |    20 ||    31
  Use: Scroll            |     4 |     4 ||     8
       Potion            |     2 |       ||     2
  Eat: Chunk             |       |     3 ||     3
Armor: Scale mail        |    42 |    38 ||    80
Dodge: Dodged            |    25 |    31 ||    56
Block: Shield            |    36 |    60 ||    96
       Rpst.: Long sword |     9 |     6 ||    15

Table legend:
 A = Non-vault XP
 B = Vault XP
 C = Vault XP percentage of total XP
 D = Non-vault monster count
 E = Vault monster count
 F = Vault count percentage of total count
                 A         B        C        D         E       F
            +---------+---------+-------+---------+---------+-------
      Total |     260 |      35 |  11.9 |      72 |       1 |   1.4
            +---------+---------+-------+---------+---------+-------
        D:1 |      44 |       0 |   0.0 |      21 |       0 |   0.0
        D:2 |     128 |      35 |  21.5 |      22 |       1 |   4.3
        D:3 |      88 |       0 |   0.0 |      29 |       0 |   0.0
            +---------+---------+-------+---------+---------+-------
